 Dungeon Crawl Stone Soup version 0.23.1 (webtiles) character file.

Game seed: 1564883930794011003

2636 doot the Thaumaturge (level 9, -5/48 HPs)
             Began as a Deep Elf Summoner on Mar 2, 2019.
             Was a Believer of Sif Muna.
             Slain by a fire bat (8 damage)
             ... on level 8 of the Dungeon.
             The game lasted 00:28:20 (8630 turns).

doot the Thaumaturge (Deep Elf Summoner)            Turns: 8630, Time: 00:28:21

Health: -5/48      AC:  4    Str:  9    XL:     9   Next: 35%
Magic:  19/25      EV: 14    Int: 24    God:    Sif Muna [**....]
Gold:   351        SH:  0    Dex: 15    Spells: 11/28 levels left

rFire    . . .     SeeInvis .   T - staff of summoning
rCold    . . .     Gourm    .   (no shield)
rNeg     . . .     Faith    .   a - +0 robe
rPois    +         Spirit   .   J - +1 hat
rElec    .         Reflect  .   (no cloak)
rCorr    +         Harm     .   H - +0 pair of gloves of the Secret Allies {rCorr Str+4}
MR       .....                  (no boots)
Stlth    ++++......             I - amulet of magic regeneration
HPRegen  0.16/turn              h - ring of stealth
MPRegen  0.44/turn              m - ring of poison resistance

@: no status effects
A: no striking features
a: Divine Energy, Renounce Religion


You were on level 8 of the Dungeon.
You worshipped Sif Muna.
Sif Muna was pleased with you.
You were hungry.

You visited 2 branches of the dungeon, and saw 9 of its levels.
You also visited: Sewer and Ossuary.

You collected 351 gold pieces.

Inventory:

Hand Weapons
 g - a +0 dagger of protection
 l - a +2 dagger of venom
 w - a +0 long sword of draining
 y - a +3 long sword
Armour
 a - a +0 robe (worn)
 t - a +0 hat
 C - a +0 pair of gloves
 G - +0 ice dragon scales
 H - the +0 pair of gloves of the Secret Allies (worn) {rCorr Str+4}
   (You found it on level 4 of the Dungeon)

   It affects your strength (+4).
   It provides partial protection from all sources of acid and corrosion.
 J - a +1 hat (worn)
Magical Staves
 K - an uncursed staff of death
 T - an uncursed staff of summoning (weapon)
Jewellery
 h - a ring of stealth (left hand)
 m - a ring of poison resistance (right hand)
 I - an amulet of magic regeneration (around neck)
Wands
 s - a wand of iceblast (11)
 z - a wand of acid (27)
 E - a wand of enslavement (9)
 M - a wand of paralysis (9)
 U - a wand of disintegration (12)
Scrolls
 b - 2 scrolls of fear {unknown}
 d - 5 scrolls of magic mapping
 e - 4 scrolls of remove curse
 f - 3 scrolls of identify
 i - 7 scrolls of teleportation {unknown}
 r - 2 scrolls of enchant weapon {unknown}
 x - 6 scrolls of enchant armour {unknown}
 D - a scroll of fog {unknown}
 F - a scroll of noise {unknown}
 O - a scroll of immolation {unknown}
 P - 2 scrolls of random uselessness {unknown}
 Q - a scroll of silence {unknown}
Potions
 j - 3 potions of cancellation
 k - 2 potions of invisibility
 n - a potion of might
 o - 2 potions of heal wounds
 p - a potion of flight
 q - 4 potions of curing
 u - 2 potions of agility
 v - a potion of degeneration
 A - a potion of lignification
 B - 3 potions of mutation
 L - a potion of magic
 N - a potion of resistance {unknown}
 S - 2 potions of brilliance {unknown}
Comestibles
 c - 10 rations


   Skills:
 + Level 1.8 Fighting
 + Level 1.0(2.2) Short Blades
 + Level 2.7(2.8) Long Blades
 + Level 4.0 Dodging
 + Level 5.0 Stealth
 + Level 10.0 Spellcasting
 + Level 0.3 Hexes
 + Level 9.3 Summonings
 + Level 1.5 Ice Magic
 + Level 3.1 Air Magic


You had 11 spell levels left.
You knew the following spells:

 Your Spells              Type           Power        Failure   Level  Hunger
a - Summon Small Mammal   Summ           ####         1%          1    None
b - Call Imp              Summ           ######..     1%          2    None
c - Call Canine Familiar  Summ           ######..     1%          3    None
d - Summon Lightning Spi  Summ/Air       ######..     4%          4    #......
e - Summon Ice Beast      Ice/Summ       ######..     5%          4    #......
f - Summon Guardian Gole  Hex/Summ       ######..     2%          3    None

Your spell library contained the following spells:

 Spells                   Type           Power        Failure   Level  Hunger


Dungeon Overview and Level Annotations

Branches:
Dungeon (8/15)             Temple (1/1) D:7
   Lair: D:8-11

Altars:
Ashenzari
Cheibriados
Dithmenos
Elyvilon
Fedhas
Gozag
Hepliaklqana
Kikubaaqudgha
Makhleb
Nemelex Xobeh
Okawaru
Qazlal
Ru
Sif Muna
Trog
Uskayaw
Vehumet
Wu Jian
Xom
Yredelemnul
Zin
The Shining One

Shops:
D:7 :


Message History

You feel a surge of power!
An electric hum fills the air.
The fire bat barely misses you. The fire bat bites your warg.
Your warg is engulfed in flames!
Your warg bites the fire bat.
The fire bat bites your warg.
Your warg is engulfed in flames.
The fire bat bites your warg.
Your warg is engulfed in flames.
Your warg dies!
Your warg's corpse disappears in a puff of smoke!
The fire bat bites you.
You are engulfed in flames.
The fire bat bites you.
You are engulfed in flames!
Unknown command.
Casting: Summon Lightning Spire (safe; 4% risk of failure)
Confirm with . or Enter, or press ? or * to list all spells.
You feel a surge of power! The fire bat bites you.
* * * LOW HITPOINT WARNING * * *
You are engulfed in flames!
* * * LOW HITPOINT WARNING * * *
The fire bat bites you.
* * * LOW HITPOINT WARNING * * *
You are engulfed in flames!
You die...

####.###..# #....## #...##.
.....# ##.#########....#
#...### ######
#..............# #...# # ##
###............# ###.### .##
#............# #.##. ..#
#......([##..# ##.... #.##
#.......h##.## ###.....
#..##### #.....b§.##.#
#...##.# ##.....##
#.....@b.h'## ######.#
#####<.###.....8...#.....b≈
#.# ##..############..≈≈≈≈.
#.# ##.#### #####b≈≈≈§§b #..
#....#####...#.≈≈.§v# ##.
####..()...###.≈.v.#######
###..##(#(...#h≈..#|S#....
####.h.###()....#≈..##S.####.
###..<.### ##)....# ##


You could see a hell hound, 2 fire bats, a friendly warg and a friendly
lightning spire.

Vanquished Creatures
  A crimson imp (D:8)
  An orc wizard (D:7)
  2 worker ants (D:4)
  A worker ant zombie (D:7)
  A gnoll (D:4)
  A shadow imp (D:8)
  An ooze (D:2)
  A dart slug (D:2)
  4 leopard geckos
  3 orcs (D:3)
  A giant cockroach (D:4)
  5 goblins
  2 hobgoblins (D:3)
  8 jackals
  3 bats
  2 frilled lizards
  6 kobolds
  A quokka skeleton (D:5)
  5 rats
49 creatures vanquished.

Vanquished Creatures (collateral kills)
  2 slime creatures (D:5)
  A hippogriff (D:8)
  6 yaks (D:7)
  Edmund (D:4)
  A black bear (D:6)
  A phantom (D:5)
  3 ogres
  4 ice beasts
  A crocodile (Sewer)
  4 centaurs
  A big kobold (D:5)
  A bullfrog (D:7)
  A water moccasin zombie (Ossuary)
  The ghost of buskinjo the Insei, a weakling DsFi (D:3)
  3 howler monkeys (D:7)
  3 bullfrog zombies (Ossuary)
  3 centaur zombies (Ossuary)
  A crimson imp (D:8)
  A quasit (D:8)
  3 hounds
  3 bullfrog skeletons
  5 jellies
  4 orc priests
  5 orc wizards
  Ijyb (D:4)
  An iguana (D:4)
  2 worker ants
  2 hound zombies (Ossuary)
  12 mummies (Ossuary)
  3 howler monkey zombies (Ossuary)
  2 worker ant zombies (Ossuary)
  2 gnolls (D:4)
  6 adders
  7 oozes
  2 adder zombies
  4 worms
  A dart slug (D:1)
  4 leopard geckos
  24 orcs
  2 ball pythons (D:1)
  3 bats
  9 goblins
  4 hobgoblins
  7 jackals
  A quokka (D:8)
  2 frilled lizards
  14 kobolds
  6 rats
180 creatures vanquished.

Vanquished Creatures (others)
  2 fungi (D:5)
  10 toadstools (D:5)
  3 withered plants (Ossuary)
15 creatures vanquished.

Grand Total: 244 creatures vanquished

Notes
Turn   | Place    | Note
-------+----------+-------------------------------------------
     0 | D:1      | doot the Deep Elf Summoner began the quest for the Orb.
     0 | D:1      | Reached XP level 1. HP: 10/10 MP: 6/6
   102 | D:1      | Reached XP level 2. HP: 15/15 MP: 4/8
   106 | D:1      | Learned a level 2 spell: Call Imp
   772 | D:2      | Reached XP level 3. HP: 19/19 MP: 10/10
   777 | D:2      | Learned a level 3 spell: Call Canine Familiar
   835 | D:2      | Reached skill level 5 in Summonings
   883 | D:2      | Reached skill level 4 in Spellcasting
  1134 | D:3      | Found a runed translucent door.
  1370 | D:3      | Reached XP level 4. HP: 24/24 MP: 8/12
  1388 | D:3      | Learned a level 4 spell: Summon Lightning Spire
  1685 | D:4      | Noticed Ijyb
  1702 | D:4      | Killed Ijyb
  1702 | D:4      | Reached skill level 5 in Spellcasting
  1702 | D:4      | Reached XP level 5. HP: 22/28 MP: 9/14
  1998 | D:4      | Got a heavily runed ring mail
  2005 | D:4      | Found a glowing drain.
  2010 | Sewer    | Entered a sewer
  2022 | Sewer    | Identified the +1 ring mail of Keiq {-Cast Regen+ Int+7
                  | Dex-5} (You found it on level 4 of the Dungeon)
  2093 | Sewer    | Noticed a crocodile
  2100 | Sewer    | Killed a crocodile
  2281 | D:4      | Noticed Edmund
  2358 | D:5      | Entered Level 5 of the Dungeon
  2429 | D:5      | Noticed a phantom
  2437 | D:5      | Killed a phantom
  2437 | D:5      | Reached skill level 1 in Short Blades
  2437 | D:5      | Reached XP level 6. HP: 17/33 MP: 11/16
  2443 | D:5      | Learned a level 4 spell: Summon Ice Beast
  3021 | D:5      | Reached skill level 6 in Spellcasting
  3130 | D:5      | Noticed a slime creature
  3130 | D:5      | Noticed a slime creature
  3130 | D:5      | Noticed a slime creature
  3148 | D:5      | Reached skill level 1 in Air Magic
  3149 | D:5      | Killed a slime creature
  3220 | D:5      | Reached XP level 7. HP: 10/37 MP: 13/18
  3512 | D:5      | Killed a large slime creature
  3512 | D:5      | Reached skill level 1 in Long Blades
  3512 | D:5      | Reached skill level 7 in Spellcasting
  4152 | D:6      | Found a deep blue altar of Sif Muna.
  4207 | D:6      | Became a worshipper of Sif Muna the Loreminder
  4306 | D:6      | Reached skill level 1 in Fighting
  4517 | D:4      | Killed Edmund
  4685 | D:4      | Got a pair of encrusted gloves
  4696 | D:4      | Identified the cursed +0 pair of gloves of the Secret
                  | Allies {rCorr Str+4} (You found it on level 4 of the
                  | Dungeon)
  4969 | D:3      | Noticed buskinjo's ghost (weakling DsFi)
  4994 | D:3      | Reached skill level 1 in Ice Magic
  5159 | D:3      | Reached XP level 8. HP: 43/43 MP: 16/21
  5548 | D:3      | Learned a level 3 spell: Summon Guardian Golem
  5583 | D:3      | Killed buskinjo's ghost
  5714 | D:2      | Found a snail-covered altar of Cheibriados.
  6473 | D:6      | Reached * piety under Sif Muna
  6597 | D:7      | Found Deotuedo's Book Emporium.
  6691 | D:7      | Reached skill level 8 in Spellcasting
  6716 | D:7      | Found a sand-covered staircase.
  6722 | Ossuary  | Entered an ossuary
  7225 | D:7      | Reached skill level 9 in Spellcasting
  7237 | D:7      | Reached XP level 9. HP: 48/48 MP: 24/24
  7255 | D:7      | Reached ** piety under Sif Muna
  7424 | D:7      | Found a staircase to the Ecumenical Temple.
  7589 | Temple   | Entered the Ecumenical Temple
  8177 | D:8      | Reached skill level 10 in Spellcasting
  8451 | D:8      | Reached skill level 5 in Stealth
  8630 | D:8      | Slain by a fire bat

Skill      XL: |  1  2  3  4  5  6  7  8  9 |
---------------+----------------------------+-----
Summonings     | 5 6 7 8 9 |  9.3
Spellcasting   | 4 5 6 7 9 10 | 10.0
Stealth        | 3 4 5 |  5.0
Short Blades   | 1 |  1.0
Air Magic      | 1 2 3 |  3.1
Dodging        | 3 4 |  4.0
Long Blades    | 1 2 |  2.7
Fighting       | 1 |  1.8
Ice Magic      | 1 |  1.5
Hexes          | |  0.3

Action                   |  1- 3 |  4- 6 |  7- 9 || total
-------------------------+-------+-------+-------++-------
Melee: Unarmed           |     3 |       |       ||     3
       Dagger            |    46 |    32 |       ||    78
       Long sword        |       |    20 |    70 ||    90
 Cast: Summon Small Mamm |    16 |       |       ||    16
       Call Imp          |    11 |     9 |     8 ||    28
       Call Canine Famil |     8 |     9 |    32 ||    49
       Summon Lightning  |       |     9 |    34 ||    43
       Summon Ice Beast  |       |       |    10 ||    10
       Summon Guardian G |       |       |     3 ||     3
  Use: Potion            |       |     1 |     1 ||     2
       Scroll            |       |       |    13 ||    13
 Stab: Distracted        |     1 |       |       ||     1
       Sleeping          |     5 |     8 |     9 ||    22
  Eat: Chunk             |     2 |     4 |    16 ||    22
       Ration            |       |     1 |     1 ||     2
Armor: Robe              |    15 |    11 |    20 ||    46
Dodge: Dodged            |    40 |    44 |    58 ||   142
       Rpst.: Long sword |       |     5 |    14 ||    19
